Capitals vs Utah

Created - 18 novembre 2024 at 07:07

Goals
1 2 3 T
Capitals 1 3 0 4
Utah 4 2 1 7
Shots
1 2 3 T
Capitals 17 14 11 42
Utah 9 14 15 38

GoalsPenalties
1st period
1. Utah , Jason Robertson 6 (Zach Bogosian 3) at 17:39
2. Utah , Cole Perfetti 5 (Miro Heiskanen 13, William Eklund 8) at 18:02
3. Capitals , Henri Jokiharju 7 (Evander Kane 4, Jack McBain 13) at 18:23
4. Utah , Adam Fantilli 6 (William Eklund 9, Miro Heiskanen 14) at 18:58
5. Utah , Jason Robertson 7 (Jesper Bratt 11, Miro Heiskanen 15) at 19:56
Albert Johansson (UTA) for Hooking (Minor) at 7:01
Tony DeAngelo (WSH) for Tripping (Minor) at 13:02
2nd period
6. Capitals , Evander Kane 5 (Denis Gurianov 6, Colin Miller 8) at 2:19
7. Capitals , T.J. Oshie 4 (James van Riemsdyk 3, Vladislav Namestnikov 8) at 4:45
8. Utah , William Eklund 3 (Adam Fantilli 8) at 6:35 (PP)
9. Capitals , Tyler Johnson 6 (Tony DeAngelo 9, Henri Jokiharju 6) at 12:56
10. Utah , David Pastrnak 9 (Miro Heiskanen 16, Jesper Bratt 12) at 17:36 (PP)
James van Riemsdyk (WSH) for Roughing (Minor) at 5:41
Matt Murray (WSH) for Slashing (Minor) at 8:05 - Kevin Bahl served the penalty.
Alex Goligoski (WSH) for High sticking (Minor) at 16:15
3rd period
11. Utah , Connor Bedard 4 (Tim Stutzle 18) at 19:13
Kaapo Kahkonen (UTA) for Delaying the game (Minor) at 3:38 - Zach Bogosian served the penalty.
Adam Fantilli (UTA) for Boarding (Minor) at 7:58
Jack McBain (WSH) for Cross-checking (Minor) at 13:29
Goalie Stats
Nico Daws (WSH), 8 saves from 13 shots - (0,615), L, 7-8-2, 26:35 minutes
Matt Murray (WSH), 23 saves from 25 shots - (0,920), 33:25 minutes
Kaapo Kahkonen (UTA), 38 saves from 42 shots - (0,905), W, 1-2-1, 60:00 minutes
3 StarsOfficial
1 - Miro Heiskanen (UTA)
2 - Jason Robertson (UTA)
3 - William Eklund (UTA)
Referees : Gord Dwyer and Jean Hebert
Linesman : Scott Cherrey and Don Henderson
Game Note
Matt Murray enters game at 6:35 of 2nd period
Finance
Level 1 -- Attendance: 6000 (100,00%) -- Ticket Income $540,000
Level 2 -- Attendance: 5000 (100,00%) -- Ticket Income $275,000
Level 3 -- Attendance: 1970 (98,50%) -- Ticket Income $59,100
Level 4 -- Attendance: 4000 (100,00%) -- Ticket Income $80,000
Luxury Box -- Attendance: 1000 (100,00%) -- Ticket Income $180,000
Game was played at the American West Arena.
Total Attendance: 17970 (99,83%)
Total Ticket Income: $1,134,100
Other Income: $102,069
Total Income: $1,236,169



Team Name Goals Shots Shots Attemp Shots Blocked PIM HIT PP PK FO%
Capitals 44286510290 / 3 (0%)254%
Utah 73867136162 / 5 (40%)046%

Capitals
Player Name POS G A P +/- PIM HIT SHT SB MP PP MP PP SHT PK MP PK SHT FO% FOT
Alex GoligoskiD000-1242119:142:3201:0700% 0
Angus CrookshankLW000100003:150:0000:0000% 0
Colin MillerD011-1021122:523:2503:5100% 0
Denis GurianovRW0110000017:420:0002:4200% 5
Ethan CardwellC/LW/RW000100103:150:0000:0000% 0
Evander KaneLW1120024015:000:0000:0000% 0
Henri JokiharjuD1121023122:372:3203:4810% 0
Jack McBainC0110254117:492:5000:00061% 18
Jalen ChatfieldD000-1000018:300:0004:3200% 0
James van RiemsdykLW0110205018:373:0700:00025% 4
Joe VelenoC000-2012017:160:0005:11053% 17
Kevin BahlD000-1023114:170:0000:1900% 0
Matthew PhillipsRW000-2000012:050:0000:0000% 1
T.J. OshieRW1010012018:212:5000:00029% 7
Tony DeAngeloD0111241022:283:2502:4710% 0
Tyler JohnsonC1011014011:162:5025:11073% 15
Vladislav NamestnikovC/LW0110035021:393:0703:01060% 25
Zach PariseLW000-2025015:313:0710:19060% 5
Utah
Player Name POS G A P +/- PIM HIT SHT SB MP PP MP PP SHT PK MP PK SHT FO% FOT
Adam FantilliC1121211014:283:5800:00041% 22
Albert JohanssonD000-1211316:300:0002:0100% 0
Bobby BrinkRW0000001111:050:5712:2700% 0
Cole PerfettiC/RW1011013113:523:2110:00033% 3
Connor BedardC1010011013:570:0000:00037% 27
David PastrnakRW1010005021:414:1423:3000% 1
Dmitri VoronkovLW000001007:410:0000:0000% 0
Dylan CozensC0000024017:263:4400:00067% 18
Jack JohnsonD0001000117:310:0000:0000% 0
Jake LivingstoneD000-1020017:390:0003:0900% 0
Jamie DrysdaleD0001011220:053:2112:5400% 0
Jason RobertsonLW2020027119:273:1802:27150% 2
Jesper BrattLW/RW0220005118:194:3720:00033% 3
Miro HeiskanenD0441030123:424:5102:4800% 0
Ryan CarpenterC0000002011:240:1303:30062% 13
Tim StutzleC/LW0110004018:114:1410:00038% 8
William EklundLW1231002014:293:5810:0000% 0
Zach BogosianD0111011216:340:1401:0200% 0

Capitals

5 vs 5 Forward
Line #Left WingCenterRight WingPHYDFOFWanted %Time %Time Play
1James van RiemsdykVladislav NamestnikovT.J. Oshie1223434%15:31
2Evander KaneJack McBainDenis Gurianov1223333%15:00
3Zach PariseJoe VelenoMatthew Phillips1222426%12:05
4Angus CrookshankTyler JohnsonEthan Cardwell12297%3:15
5 vs 5 Defense
Line #DefenseDefensePHYDFOFWanted %Time %Time Play
1Tony DeAngeloHenri Jokiharju1223433%15:07
2Colin MillerAlex Goligoski1223334%15:36
3Jalen ChatfieldKevin Bahl1222430%13:58
4Tony DeAngeloHenri Jokiharju12293%1:10
Power Play Forward
Line #Left WingCenterRight WingPHYDFOFWanted %Time %Time Play
1James van RiemsdykZach PariseVladislav Namestnikov1225552%3:07
2Tyler JohnsonT.J. OshieJack McBain1224548%2:50
Power Play Defense
Line #DefenseDefensePHYDFOFWanted %Time %Time Play
1Colin MillerTony DeAngelo1225557%3:25
2Alex GoligoskiHenri Jokiharju1224543%2:32
Penalty Kill 4 Players Forward
Line #CenterWingPHYDFOFWanted %Time %Time Play
1Tyler JohnsonJoe Veleno1225563%5:11
2Vladislav NamestnikovDenis Gurianov1224537%3:01
Penalty Kill 4 Players Defense
Line #DefenseDefensePHYDFOFWanted %Time %Time Play
1Colin MillerTony DeAngelo1225545%3:40
2Jalen ChatfieldHenri Jokiharju1224555%4:32
Penalty Kill 3 Players
Line #WingPHYDFOFWanted %Time %Time PlayDefenseDefensePHYDFOFWanted %Time %Time Play
1Tyler Johnson122550%0:00 Kevin BahlColin Miller122550%0:00
2Vladislav Namestnikov122450%0:00 Tony DeAngeloHenri Jokiharju122450%0:00
4 vs 4 Forward
Line #CenterWingPHYDFOFWanted %Time %Time Play
1Tyler JohnsonT.J. Oshie122550%0:00
2Vladislav NamestnikovZach Parise122450%0:00
4 vs 4 Defense
Line #DefensePHYDFOFWanted %Time %Time Play
1Colin MillerTony DeAngelo122550%0:00
2Jalen ChatfieldHenri Jokiharju122450%0:00
Last Minutes Offensive
Left WingCenterRight WingDefenseDefense
Angus CrookshankTyler JohnsonVladislav NamestnikovZach PariseColin Miller
Last Minutes Defensive
Left WingCenterRight WingDefenseDefense
James van RiemsdykJoe VelenoVladislav NamestnikovEvander KaneColin Miller
Time
Total ForwardTotal DefenseLast Minutes OffensiveLast Minutes Defensive
60:00 60:00 0:000:00
Extra Forwards
Normal PowerPlayPenalty Kill
Vladislav Namestnikov, Tyler Johnson, James van RiemsdykVladislav Namestnikov, Tyler JohnsonVladislav Namestnikov
Extra Defensemen
Normal PowerPlayPenalty Kill
Colin Miller, Henri Jokiharju, Tony DeAngeloColin Miller, Colin MillerHenri Jokiharju
Penalty Shots
T.J. Oshie, Tyler Johnson, Vladislav Namestnikov, Jack McBain, Denis Gurianov
Goalie
Nico Daws, Matt Murray
Scratches
Zach Aston-Reese (Healthy), Ivan Fedotov (Healthy)

Utah

5 vs 5 Forward
Line #Left WingCenterRight WingPHYDFOFWanted %Time %Time Play
1Tim StutzleConnor BedardDavid Pastrnak0323230%13:57
2Jason RobertsonDylan CozensJesper Bratt0323030%13:42
3William EklundAdam FantilliCole Perfetti0412423%10:31
4Dmitri VoronkovRyan CarpenterBobby Brink0411417%7:41
5 vs 5 Defense
Line #DefenseDefensePHYDFOFWanted %Time %Time Play
1Jamie DrysdaleMiro Heiskanen1223430%13:50
2Jack JohnsonZach Bogosian1223333%15:18
3Jake LivingstoneAlbert Johansson1222432%14:30
4Jack JohnsonMiro Heiskanen12295%2:13
Power Play Forward
Line #Left WingCenterRight WingPHYDFOFWanted %Time %Time Play
1Jason RobertsonTim StutzleDavid Pastrnak0056052%4:14
2William EklundAdam FantilliDylan Cozens0054048%3:58
Power Play Defense
Line #DefenseDefensePHYDFOFWanted %Time %Time Play
1Jesper BrattMiro Heiskanen0055559%4:51
2Jamie DrysdaleCole Perfetti0054541%3:21
Penalty Kill 4 Players Forward
Line #CenterWingPHYDFOFWanted %Time %Time Play
1Ryan CarpenterDavid Pastrnak0415559%3:30
2Jason RobertsonBobby Brink0414541%2:27
Penalty Kill 4 Players Defense
Line #DefenseDefensePHYDFOFWanted %Time %Time Play
1Jake LivingstoneAlbert Johansson0415553%3:09
2Miro HeiskanenJamie Drysdale0414547%2:48
Penalty Kill 3 Players
Line #WingPHYDFOFWanted %Time %Time PlayDefenseDefensePHYDFOFWanted %Time %Time Play
1Ryan Carpenter050550%0:00 Miro HeiskanenZach Bogosian122550%0:00
2David Pastrnak041450%0:00 Jack JohnsonJamie Drysdale122450%0:00
4 vs 4 Forward
Line #CenterWingPHYDFOFWanted %Time %Time Play
1Tim StutzleDavid Pastrnak122550%0:00
2Jesper BrattJason Robertson122450%0:00
4 vs 4 Defense
Line #DefensePHYDFOFWanted %Time %Time Play
1Miro HeiskanenZach Bogosian122550%0:00
2Jack JohnsonJamie Drysdale122450%0:00
Last Minutes Offensive
Left WingCenterRight WingDefenseDefense
David PastrnakTim StutzleJesper BrattJason RobertsonMiro Heiskanen
Last Minutes Defensive
Left WingCenterRight WingDefenseDefense
Connor BedardTim StutzleAdam FantilliJamie DrysdaleMiro Heiskanen
Time
Total ForwardTotal DefenseLast Minutes OffensiveLast Minutes Defensive
60:00 60:00 0:000:00
Extra Forwards
Normal PowerPlayPenalty Kill
Jesper Bratt, Tim Stutzle, Bobby BrinkBobby Brink, Ryan CarpenterDavid Pastrnak
Extra Defensemen
Normal PowerPlayPenalty Kill
Jake Livingstone, Miro Heiskanen, Jack JohnsonJamie Drysdale, Zach BogosianJamie Drysdale
Penalty Shots
Tim Stutzle, David Pastrnak, Jason Robertson, Jesper Bratt, Dylan Cozens
Goalie
Kaapo Kahkonen, Devon Levi
Scratches
Pyotr Kochetkov (Healthy)


Play-by-Play

1st period


0:01 of 1st period - Connor Bedard wins face-off versus Vladislav Namestnikov in neutral zone.
0:10 of 1st period - Icing by T.J. Oshie.
0:11 of 1st period - Dylan Cozens wins face-off versus Vladislav Namestnikov in Capitals zone.
0:14 of 1st period - Shot by Jason Robertson.
0:14 of 1st period - Stopped by Nico Daws without a rebound.
0:15 of 1st period - Adam Fantilli wins face-off versus Denis Gurianov in Capitals zone.
0:16 of 1st period - Shot by Cole Perfetti.
0:16 of 1st period - Shot Misses the Net.
0:29 of 1st period - Icing by Colin Miller.
0:30 of 1st period - Dylan Cozens wins face-off versus Jack McBain in Capitals zone.
1:10 of 1st period - Icing by Dylan Cozens.
1:11 of 1st period - Dylan Cozens wins face-off versus Joe Veleno in Utah zone.
1:11 of 1st period - Dylan Cozens is hit by Zach Parise.
1:33 of 1st period - Shot by Kevin Bahl.
1:33 of 1st period - Stopped by Kaapo Kahkonen without a rebound.
1:34 of 1st period - Connor Bedard wins face-off versus James van Riemsdyk in Utah zone.
1:43 of 1st period - Shot by James van Riemsdyk.
1:43 of 1st period - Stopped by Kaapo Kahkonen without a rebound.
1:44 of 1st period - Tyler Johnson wins face-off versus Ryan Carpenter in Utah zone.
1:45 of 1st period - Shot by Angus Crookshank.
1:45 of 1st period - Shot Misses the Net.
3:10 of 1st period - Shot by Vladislav Namestnikov.
3:10 of 1st period - Deflect By James van Riemsdyk.
3:10 of 1st period - Stopped by Kaapo Kahkonen with a rebound.
3:12 of 1st period - Shot by T.J. Oshie.
3:12 of 1st period - Shot Blocked by Jamie Drysdale.
4:25 of 1st period - Shot by Tim Stutzle.
4:25 of 1st period - Stopped by Nico Daws with a rebound.
4:56 of 1st period - Adam Fantilli is hit by Alex Goligoski and loses puck.
5:09 of 1st period - Shot by Cole Perfetti.
5:09 of 1st period - Deflect By Adam Fantilli.
5:09 of 1st period - Shot Misses the Net.
5:18 of 1st period - Icing by Alex Goligoski.
5:19 of 1st period - Joe Veleno wins face-off versus Dylan Cozens in Capitals zone.
5:19 of 1st period - Joe Veleno is hit by Dylan Cozens.
5:43 of 1st period - Shot by Jack McBain.
5:43 of 1st period - Stopped by Kaapo Kahkonen with a rebound.
5:45 of 1st period - Shot by Jack McBain.
5:45 of 1st period - Shot Misses the Net.
5:47 of 1st period - Shot by Evander Kane.
5:47 of 1st period - Stopped by Kaapo Kahkonen without a rebound.
5:48 of 1st period - Connor Bedard wins face-off versus Vladislav Namestnikov in Utah zone.
5:50 of 1st period - Icing by David Pastrnak.
5:51 of 1st period - Jack McBain wins face-off versus Connor Bedard in Utah zone.
5:56 of 1st period - Shot by Evander Kane.
5:56 of 1st period - Shot Misses the Net.
6:03 of 1st period - Shot by Evander Kane.
6:03 of 1st period - Deflect By Jack McBain.
6:03 of 1st period - Shot Misses the Net.
6:05 of 1st period - Shot by Jack McBain.
6:05 of 1st period - Stopped by Kaapo Kahkonen without a rebound.
6:06 of 1st period - Vladislav Namestnikov wins face-off versus Adam Fantilli in Utah zone.
6:08 of 1st period - T.J. Oshie is hit by Zach Bogosian and loses puck.
6:24 of 1st period - Icing by Jack Johnson.
6:25 of 1st period - Adam Fantilli wins face-off versus Denis Gurianov in Utah zone.
6:27 of 1st period - Jack Johnson is hit by Jack McBain and loses puck.
6:48 of 1st period - Shot by Denis Gurianov.
6:48 of 1st period - Shot Misses the Net.
6:50 of 1st period - Shot by Henri Jokiharju.
6:50 of 1st period - Stopped by Kaapo Kahkonen without a rebound.
6:51 of 1st period - Vladislav Namestnikov wins face-off versus Connor Bedard in Utah zone.
6:54 of 1st period - Shot by Vladislav Namestnikov.
6:54 of 1st period - Stopped by Kaapo Kahkonen without a rebound.
6:55 of 1st period - Vladislav Namestnikov wins face-off versus Connor Bedard in Utah zone.
6:55 of 1st period - T.J. Oshie is hit by Jake Livingstone and loses puck.
7:00 of 1st period - Shot by Kevin Bahl.
7:00 of 1st period - Stopped by Kaapo Kahkonen with a rebound.
7:01 of 1st period - Minor Penalty to Albert Johansson for Hooking.
7:02 of 1st period - Zach Parise wins face-off versus David Pastrnak in Utah zone.
7:48 of 1st period - Icing by Zach Parise.
7:49 of 1st period - Zach Parise wins face-off versus Ryan Carpenter in Capitals zone.
8:02 of 1st period - Ryan Carpenter is hit by Zach Parise and loses puck.
8:45 of 1st period - Shot by Tyler Johnson.
8:45 of 1st period - Stopped by Kaapo Kahkonen with a rebound.
8:47 of 1st period - Shot by Jack McBain.
8:47 of 1st period - Shot Misses the Net.
8:49 of 1st period - Shot by Tyler Johnson.
8:49 of 1st period - The goal is going for a video replay.
8:49 of 1st period - The goal is refused.
8:50 of 1st period - Zach Parise wins face-off versus Jason Robertson in Utah zone.
8:50 of 1st period - Zach Parise is hit by Miro Heiskanen.
9:15 of 1st period - Shot by Adam Fantilli.
9:15 of 1st period - Shot Misses the Net.
9:21 of 1st period - Shot by Cole Perfetti.
9:21 of 1st period - Stopped by Nico Daws without a rebound.
9:22 of 1st period - Dylan Cozens wins face-off versus Tyler Johnson in Capitals zone.
9:22 of 1st period - Dylan Cozens is hit by Kevin Bahl.
9:34 of 1st period - Shot by Jason Robertson.
9:34 of 1st period - Stopped by Nico Daws with a rebound.
10:34 of 1st period - Shot by Joe Veleno.
10:34 of 1st period - Stopped by Kaapo Kahkonen without a rebound.
10:35 of 1st period - Vladislav Namestnikov wins face-off versus Connor Bedard in Utah zone.
10:36 of 1st period - Shot by Alex Goligoski.
10:36 of 1st period - Stopped by Kaapo Kahkonen without a rebound.
10:37 of 1st period - Vladislav Namestnikov wins face-off versus Connor Bedard in Utah zone.
10:37 of 1st period - Vladislav Namestnikov is hit by Miro Heiskanen.
11:37 of 1st period - Icing by Vladislav Namestnikov.
11:38 of 1st period - Vladislav Namestnikov wins face-off versus Ryan Carpenter in Capitals zone.
11:38 of 1st period - Vladislav Namestnikov is hit by Dmitri Voronkov.
12:17 of 1st period - Bobby Brink is hit by Tony DeAngelo and loses puck.
12:43 of 1st period - Dylan Cozens is hit by Tony DeAngelo and loses puck.
13:02 of 1st period - Minor Penalty to Tony DeAngelo for Tripping.
13:03 of 1st period - Tyler Johnson wins face-off versus Tim Stutzle in Capitals zone.
13:16 of 1st period - Shot by Tim Stutzle.
13:16 of 1st period - Stopped by Nico Daws without a rebound.
13:17 of 1st period - Tyler Johnson wins face-off versus Adam Fantilli in Capitals zone.
13:41 of 1st period - William Eklund is hit by Joe Veleno and loses puck.
14:04 of 1st period - Adam Fantilli is hit by Vladislav Namestnikov and loses puck.
14:37 of 1st period - Shot by Jason Robertson.
14:37 of 1st period - Deflect By David Pastrnak.
14:37 of 1st period - Shot Misses the Net.
15:20 of 1st period - Shot by Ryan Carpenter.
15:20 of 1st period - Shot Misses the Net.
16:42 of 1st period - Shot by Evander Kane.
16:42 of 1st period - Shot Misses the Net.
16:55 of 1st period - Icing by Albert Johansson.
16:56 of 1st period - Connor Bedard wins face-off versus Joe Veleno in Utah zone.
17:19 of 1st period - Shot by Zach Parise.
17:19 of 1st period - Deflect By Joe Veleno.
17:19 of 1st period - Stopped by Kaapo Kahkonen without a rebound.
17:20 of 1st period - Jack McBain wins face-off versus Dylan Cozens in Utah zone.
17:34 of 1st period - Jack McBain is hit by Jason Robertson and loses puck.
17:39 of 1st period - Shot by Jason Robertson.
17:39 of 1st period - Goal by Jason Robertson - Capitals : 0 - Utah : 1.
17:40 of 1st period - Joe Veleno wins face-off versus Cole Perfetti in neutral zone.
17:54 of 1st period - Shot by William Eklund.
17:54 of 1st period - Shot Blocked by Colin Miller.
18:02 of 1st period - Shot by Cole Perfetti.
18:02 of 1st period - Goal by Cole Perfetti - Capitals : 0 - Utah : 2.
18:03 of 1st period - Dylan Cozens wins face-off versus Jack McBain in neutral zone.
18:03 of 1st period - Dylan Cozens is hit by Jack McBain.
18:09 of 1st period - Shot by Jason Robertson.
18:09 of 1st period - Shot Blocked by Jack McBain.
18:21 of 1st period - Shot by Evander Kane.
18:21 of 1st period - Stopped by Kaapo Kahkonen with a rebound.
18:23 of 1st period - Shot by Henri Jokiharju.
18:23 of 1st period - Goal by Henri Jokiharju - Capitals : 1 - Utah : 2.
18:24 of 1st period - Adam Fantilli wins face-off versus Matthew Phillips in neutral zone.
18:56 of 1st period - Shot by William Eklund.
18:56 of 1st period - Shot Blocked by Alex Goligoski.
18:58 of 1st period - Shot by Adam Fantilli.
18:58 of 1st period - Goal by Adam Fantilli - Capitals : 1 - Utah : 3.
18:59 of 1st period - Jack McBain wins face-off versus Connor Bedard in neutral zone.
19:10 of 1st period - Shot by David Pastrnak.
19:10 of 1st period - Shot Misses the Net.
19:40 of 1st period - Shot by Jack McBain.
19:40 of 1st period - Stopped by Kaapo Kahkonen without a rebound.
19:41 of 1st period - T.J. Oshie wins face-off versus Dylan Cozens in Utah zone.
19:51 of 1st period - Miro Heiskanen is hit by Kevin Bahl and loses puck.
19:54 of 1st period - Shot by Jason Robertson.
19:54 of 1st period - Deflect By Jesper Bratt.
19:54 of 1st period - Shot Misses the Net.
19:56 of 1st period - Shot by Jason Robertson.
19:56 of 1st period - Goal by Jason Robertson - Capitals : 1 - Utah : 4.
19:57 of 1st period - Cole Perfetti wins face-off versus Joe Veleno in neutral zone.
Goals for this period are 1 for Capitals vs 4 for Utah.
Shots for this period are 17 for Capitals vs 9 for Utah.

2nd period


0:01 of 2nd period - Vladislav Namestnikov wins face-off versus Connor Bedard in neutral zone.
0:01 of 2nd period - Vladislav Namestnikov is hit by Connor Bedard.
0:09 of 2nd period - Shot by T.J. Oshie.
0:09 of 2nd period - Shot Blocked by Jamie Drysdale.
1:09 of 2nd period - Shot by Jesper Bratt.
1:09 of 2nd period - Stopped by Nico Daws without a rebound.
1:10 of 2nd period - Joe Veleno wins face-off versus Adam Fantilli in Capitals zone.
1:37 of 2nd period - Shot by Kevin Bahl.
1:37 of 2nd period - Stopped by Kaapo Kahkonen without a rebound.
1:38 of 2nd period - Dylan Cozens wins face-off versus Jack McBain in Utah zone.
1:44 of 2nd period - Icing by Zach Bogosian.
1:45 of 2nd period - Dylan Cozens wins face-off versus Jack McBain in Utah zone.
1:45 of 2nd period - Dylan Cozens is hit by Jack McBain.
2:04 of 2nd period - Icing by Evander Kane.
2:05 of 2nd period - Jack McBain wins face-off versus Connor Bedard in Capitals zone.
2:10 of 2nd period - Miro Heiskanen is hit by Evander Kane and loses puck.
2:19 of 2nd period - Shot by Evander Kane.
2:19 of 2nd period - Goal by Evander Kane - Capitals : 2 - Utah : 4.
2:20 of 2nd period - James van Riemsdyk wins face-off versus Jesper Bratt in neutral zone.
2:30 of 2nd period - Icing by Tony DeAngelo.
2:31 of 2nd period - Vladislav Namestnikov wins face-off versus Connor Bedard in Capitals zone.
2:41 of 2nd period - Icing by Miro Heiskanen.
2:42 of 2nd period - Connor Bedard wins face-off versus Denis Gurianov in Utah zone.
3:01 of 2nd period - Shot by Jack McBain.
3:01 of 2nd period - Deflect By Evander Kane.
3:01 of 2nd period - Shot Misses the Net.
3:03 of 2nd period - Shot by Alex Goligoski.
3:03 of 2nd period - Stopped by Kaapo Kahkonen with a rebound.
3:16 of 2nd period - Jack McBain is hit by Jamie Drysdale and loses puck.
3:44 of 2nd period - Off-side.
3:45 of 2nd period - Dylan Cozens wins face-off versus Joe Veleno in neutral zone.
3:56 of 2nd period - Shot by Jesper Bratt.
3:56 of 2nd period - Shot Misses the Net.
4:05 of 2nd period - Off-side.
4:06 of 2nd period - Vladislav Namestnikov wins face-off versus Adam Fantilli in neutral zone.
4:09 of 2nd period - Shot by Tony DeAngelo.
4:09 of 2nd period - Shot Blocked by Albert Johansson.
4:11 of 2nd period - Shot by Henri Jokiharju.
4:11 of 2nd period - Shot Blocked by Cole Perfetti.
4:43 of 2nd period - Shot by James van Riemsdyk.
4:43 of 2nd period - Stopped by Kaapo Kahkonen with a rebound.
4:45 of 2nd period - Shot by T.J. Oshie.
4:45 of 2nd period - Goal by T.J. Oshie - Capitals : 3 - Utah : 4.
4:46 of 2nd period - Dylan Cozens wins face-off versus Denis Gurianov in neutral zone.
5:19 of 2nd period - Shot by Dylan Cozens.
5:19 of 2nd period - Stopped by Nico Daws without a rebound.
5:20 of 2nd period - Joe Veleno wins face-off versus Connor Bedard in Capitals zone.
5:34 of 2nd period - Icing by David Pastrnak.
5:35 of 2nd period - Connor Bedard wins face-off versus Vladislav Namestnikov in Utah zone.
5:35 of 2nd period - Jamie Drysdale is hit by Vladislav Namestnikov and loses puck.
5:41 of 2nd period - Minor Penalty to James van Riemsdyk for Roughing.
5:42 of 2nd period - Tyler Johnson wins face-off versus Tim Stutzle in Capitals zone.
5:57 of 2nd period - Shot by Jesper Bratt.
5:57 of 2nd period - Stopped by Nico Daws with a rebound.
6:03 of 2nd period - Shot by Jason Robertson.
6:03 of 2nd period - Shot Misses the Net.
6:05 of 2nd period - Shot by Tim Stutzle.
6:05 of 2nd period - Deflect By David Pastrnak.
6:05 of 2nd period - Shot Misses the Net.
6:35 of 2nd period - Shot by William Eklund.
6:35 of 2nd period - Goal by William Eklund - Capitals : 3 - Utah : 5.
6:35 of 2nd period - Matt Murray enters game.
6:36 of 2nd period - Adam Fantilli wins face-off versus Vladislav Namestnikov in neutral zone.
7:03 of 2nd period - Shot by Vladislav Namestnikov.
7:03 of 2nd period - Shot Misses the Net.
7:05 of 2nd period - Shot by T.J. Oshie.
7:05 of 2nd period - Stopped by Kaapo Kahkonen without a rebound.
7:06 of 2nd period - Ryan Carpenter wins face-off versus Denis Gurianov in Utah zone.
7:21 of 2nd period - Shot by Dmitri Voronkov.
7:21 of 2nd period - Shot Misses the Net.
7:31 of 2nd period - Shot by Denis Gurianov.
7:31 of 2nd period - Shot Misses the Net.
7:33 of 2nd period - Shot by Jack McBain.
7:33 of 2nd period - Stopped by Kaapo Kahkonen without a rebound.
7:34 of 2nd period - Joe Veleno wins face-off versus Jesper Bratt in Utah zone.
8:05 of 2nd period - Shot by Dylan Cozens.
8:05 of 2nd period - Stopped by Matt Murray without a rebound.
8:05 of 2nd period - Minor Penalty to Matt Murray for Slashing.
8:06 of 2nd period - Tyler Johnson wins face-off versus Tim Stutzle in Capitals zone.
8:06 of 2nd period - Tyler Johnson is hit by Jason Robertson.
8:55 of 2nd period - Icing by Miro Heiskanen.
8:56 of 2nd period - Tyler Johnson wins face-off versus Adam Fantilli in Utah zone.
9:02 of 2nd period - Icing by Miro Heiskanen.
9:03 of 2nd period - Tyler Johnson wins face-off versus Adam Fantilli in Utah zone.
9:06 of 2nd period - Shot by Joe Veleno.
9:06 of 2nd period - Shot Misses the Net.
9:12 of 2nd period - Shot by Tony DeAngelo.
9:12 of 2nd period - Shot Blocked by Jesper Bratt.
9:34 of 2nd period - Jesper Bratt is hit by Tyler Johnson and loses puck.
9:41 of 2nd period - Shot by Jalen Chatfield.
9:41 of 2nd period - Shot Misses the Net.
9:43 of 2nd period - Shot by Henri Jokiharju.
9:43 of 2nd period - Stopped by Kaapo Kahkonen with a rebound.
10:18 of 2nd period - Icing by Zach Bogosian.
10:19 of 2nd period - Jack McBain wins face-off versus Connor Bedard in Utah zone.
10:27 of 2nd period - Off-side.
10:28 of 2nd period - Ryan Carpenter wins face-off versus James van Riemsdyk in neutral zone.
10:47 of 2nd period - Shot by Bobby Brink.
10:47 of 2nd period - Shot Misses the Net.
12:01 of 2nd period - Shot by Zach Parise.
12:01 of 2nd period - Shot Blocked by Albert Johansson.
12:03 of 2nd period - Shot by Kevin Bahl.
12:03 of 2nd period - Shot Blocked by Bobby Brink.
12:56 of 2nd period - Shot by Tyler Johnson.
12:56 of 2nd period - Goal by Tyler Johnson - Capitals : 4 - Utah : 5.
12:57 of 2nd period - Connor Bedard wins face-off versus Vladislav Namestnikov in neutral zone.
13:02 of 2nd period - Shot by David Pastrnak.
13:02 of 2nd period - Shot Misses the Net.
13:04 of 2nd period - Shot by David Pastrnak.
13:04 of 2nd period - Stopped by Matt Murray with a rebound.
13:58 of 2nd period - Shot by William Eklund.
13:58 of 2nd period - Stopped by Matt Murray without a rebound.
13:59 of 2nd period - Jack McBain wins face-off versus Dylan Cozens in Capitals zone.
14:09 of 2nd period - Shot by Jason Robertson.
14:09 of 2nd period - Stopped by Matt Murray without a rebound.
14:10 of 2nd period - Joe Veleno wins face-off versus Adam Fantilli in Capitals zone.
14:38 of 2nd period - Shot by Zach Parise.
14:38 of 2nd period - Stopped by Kaapo Kahkonen without a rebound.
14:39 of 2nd period - Jesper Bratt wins face-off versus Jack McBain in Utah zone.
14:39 of 2nd period - Jesper Bratt is hit by Jack McBain.
14:54 of 2nd period - Shot by Evander Kane.
14:54 of 2nd period - Stopped by Kaapo Kahkonen with a rebound.
15:08 of 2nd period - Shot by Denis Gurianov.
15:08 of 2nd period - Shot Misses the Net.
15:16 of 2nd period - Shot by Evander Kane.
15:16 of 2nd period - Shot Blocked by Zach Bogosian.
15:18 of 2nd period - Shot by Jack McBain.
15:18 of 2nd period - Shot Blocked by Zach Bogosian.
15:20 of 2nd period - Shot by Denis Gurianov.
15:20 of 2nd period - Shot Misses the Net.
15:40 of 2nd period - Miro Heiskanen is hit by T.J. Oshie and loses puck.
15:47 of 2nd period - Shot by Vladislav Namestnikov.
15:47 of 2nd period - Stopped by Kaapo Kahkonen without a rebound.
15:48 of 2nd period - Joe Veleno wins face-off versus Adam Fantilli in Utah zone.
15:56 of 2nd period - Adam Fantilli is hit by Colin Miller and loses puck.
16:14 of 2nd period - Cole Perfetti is hit by Alex Goligoski.
16:15 of 2nd period - Minor Penalty to Alex Goligoski for High sticking.
16:16 of 2nd period - Tim Stutzle wins face-off versus Tyler Johnson in Capitals zone.
16:39 of 2nd period - Shot by Tony DeAngelo.
16:39 of 2nd period - Shot Misses the Net.
16:41 of 2nd period - Shot by Tony DeAngelo.
16:41 of 2nd period - Stopped by Kaapo Kahkonen without a rebound.
16:42 of 2nd period - Adam Fantilli wins face-off versus Vladislav Namestnikov in Utah zone.
16:42 of 2nd period - Adam Fantilli is hit by Vladislav Namestnikov.
17:14 of 2nd period - Shot by Jamie Drysdale.
17:14 of 2nd period - Shot Misses the Net.
17:16 of 2nd period - Shot by Cole Perfetti.
17:16 of 2nd period - Stopped by Matt Murray without a rebound.
17:17 of 2nd period - Tim Stutzle wins face-off versus Tyler Johnson in Capitals zone.
17:20 of 2nd period - Shot by David Pastrnak.
17:20 of 2nd period - Shot Misses the Net.
17:22 of 2nd period - Shot by David Pastrnak.
17:22 of 2nd period - Shot Blocked by Henri Jokiharju.
17:24 of 2nd period - Shot by David Pastrnak.
17:24 of 2nd period - Stopped by Matt Murray without a rebound.
17:25 of 2nd period - Tim Stutzle wins face-off versus Tyler Johnson in Capitals zone.
17:36 of 2nd period - Shot by David Pastrnak.
17:36 of 2nd period - Goal by David Pastrnak - Capitals : 4 - Utah : 6.
17:37 of 2nd period - Jack McBain wins face-off versus Adam Fantilli in neutral zone.
18:05 of 2nd period - Zach Bogosian is hit by Alex Goligoski and loses puck.
18:17 of 2nd period - Zach Bogosian is hit by Alex Goligoski and loses puck.
18:39 of 2nd period - Off-side.
18:40 of 2nd period - Vladislav Namestnikov wins face-off versus Dylan Cozens in neutral zone.
18:47 of 2nd period - Shot by Vladislav Namestnikov.
18:47 of 2nd period - Shot Misses the Net.
19:00 of 2nd period - Icing by Albert Johansson.
19:01 of 2nd period - Dylan Cozens wins face-off versus Joe Veleno in Utah zone.
19:05 of 2nd period - Off-side.
19:06 of 2nd period - Connor Bedard wins face-off versus Joe Veleno in neutral zone.
19:26 of 2nd period - Shot by Joe Veleno.
19:26 of 2nd period - Shot Misses the Net.
19:28 of 2nd period - Shot by Zach Parise.
19:28 of 2nd period - Stopped by Kaapo Kahkonen without a rebound.
19:29 of 2nd period - Dylan Cozens wins face-off versus Vladislav Namestnikov in Utah zone.
19:40 of 2nd period - Shot by T.J. Oshie.
19:40 of 2nd period - Deflect By Vladislav Namestnikov.
19:40 of 2nd period - Shot Blocked by Jack Johnson.
19:46 of 2nd period - Shot by Jesper Bratt.
19:46 of 2nd period - Stopped by Matt Murray with a rebound.
19:48 of 2nd period - Shot by Jack Johnson.
19:48 of 2nd period - Shot Misses the Net.
19:50 of 2nd period - Shot by Dylan Cozens.
19:50 of 2nd period - Stopped by Matt Murray with a rebound.
19:52 of 2nd period - Shot by Jesper Bratt.
19:52 of 2nd period - Shot Blocked by Kevin Bahl.
19:54 of 2nd period - Shot by Jesper Bratt.
19:54 of 2nd period - Deflect By Jason Robertson.
19:54 of 2nd period - Shot Misses the Net.
19:56 of 2nd period - Shot by Jesper Bratt.
19:56 of 2nd period - Stopped by Matt Murray with a rebound.
Goals for this period are 3 for Capitals vs 2 for Utah.
Shots for this period are 14 for Capitals vs 14 for Utah.

3rd period


0:01 of 3rd period - Vladislav Namestnikov wins face-off versus Connor Bedard in neutral zone.
0:06 of 3rd period - Shot by Vladislav Namestnikov.
0:06 of 3rd period - Shot Misses the Net.
1:08 of 3rd period - Alex Goligoski is hit by Dylan Cozens and loses puck.
1:23 of 3rd period - Shot by Jason Robertson.
1:23 of 3rd period - Stopped by Matt Murray without a rebound.
1:24 of 3rd period - Adam Fantilli wins face-off versus Joe Veleno in Capitals zone.
2:14 of 3rd period - Off-side.
2:15 of 3rd period - Ryan Carpenter wins face-off versus T.J. Oshie in neutral zone.
2:17 of 3rd period - Zach Bogosian is hit by Henri Jokiharju and loses puck.
2:24 of 3rd period - Shot by Bobby Brink.
2:24 of 3rd period - Shot Misses the Net.
2:26 of 3rd period - Shot by Ryan Carpenter.
2:26 of 3rd period - Stopped by Matt Murray with a rebound.
2:38 of 3rd period - Shot by Ryan Carpenter.
2:38 of 3rd period - Stopped by Matt Murray without a rebound.
2:39 of 3rd period - Jack McBain wins face-off versus Connor Bedard in Capitals zone.
3:00 of 3rd period - Shot by Tim Stutzle.
3:00 of 3rd period - Shot Misses the Net.
3:12 of 3rd period - Shot by Albert Johansson.
3:12 of 3rd period - Stopped by Matt Murray without a rebound.
3:13 of 3rd period - Dylan Cozens wins face-off versus James van Riemsdyk in Capitals zone.
3:16 of 3rd period - Shot by Zach Bogosian.
3:16 of 3rd period - Stopped by Matt Murray with a rebound.
3:30 of 3rd period - Shot by Vladislav Namestnikov.
3:30 of 3rd period - Shot Misses the Net.
3:32 of 3rd period - Shot by Henri Jokiharju.
3:32 of 3rd period - Shot Blocked by Jason Robertson.
3:38 of 3rd period - Shot by James van Riemsdyk.
3:38 of 3rd period - Stopped by Kaapo Kahkonen without a rebound.
3:38 of 3rd period - Minor Penalty to Kaapo Kahkonen for Delaying the game.
3:39 of 3rd period - T.J. Oshie wins face-off versus Ryan Carpenter in Utah zone.
3:42 of 3rd period - Shot by Tyler Johnson.
3:42 of 3rd period - Deflect By Jack McBain.
3:42 of 3rd period - Shot Misses the Net.
3:44 of 3rd period - Shot by Tony DeAngelo.
3:44 of 3rd period - Shot Misses the Net.
3:46 of 3rd period - Shot by Jack McBain.
3:46 of 3rd period - Shot Misses the Net.
3:48 of 3rd period - Shot by Jack McBain.
3:48 of 3rd period - Shot Blocked by Miro Heiskanen.
4:54 of 3rd period - Alex Goligoski is hit by Miro Heiskanen and loses puck.
5:04 of 3rd period - Off-side.
5:05 of 3rd period - Ryan Carpenter wins face-off versus T.J. Oshie in neutral zone.
5:41 of 3rd period - Icing by Jack Johnson.
5:42 of 3rd period - Joe Veleno wins face-off versus Adam Fantilli in Utah zone.
5:53 of 3rd period - Shot by Matthew Phillips.
5:53 of 3rd period - Shot Misses the Net.
6:59 of 3rd period - Shot by Jason Robertson.
6:59 of 3rd period - Shot Misses the Net.
7:09 of 3rd period - Shot by Dylan Cozens.
7:09 of 3rd period - Stopped by Matt Murray with a rebound.
7:56 of 3rd period - Shot by David Pastrnak.
7:56 of 3rd period - Stopped by Matt Murray without a rebound.
7:57 of 3rd period - Vladislav Namestnikov wins face-off versus Adam Fantilli in Capitals zone.
7:57 of 3rd period - Vladislav Namestnikov is hit by Adam Fantilli.
7:58 of 3rd period - Minor Penalty to Adam Fantilli for Boarding.
7:59 of 3rd period - Ryan Carpenter wins face-off versus Zach Parise in Utah zone.
8:26 of 3rd period - Shot by Zach Parise.
8:26 of 3rd period - Stopped by Kaapo Kahkonen without a rebound.
8:27 of 3rd period - Ryan Carpenter wins face-off versus T.J. Oshie in Utah zone.
8:27 of 3rd period - Ryan Carpenter is hit by Jack McBain.
8:51 of 3rd period - Shot by Jason Robertson.
8:51 of 3rd period - Stopped by Matt Murray without a rebound.
8:52 of 3rd period - Ryan Carpenter wins face-off versus Zach Parise in Capitals zone.
9:24 of 3rd period - Off-side.
9:25 of 3rd period - Jason Robertson wins face-off versus T.J. Oshie in neutral zone.
9:27 of 3rd period - Jamie Drysdale is hit by Colin Miller and loses puck.
9:33 of 3rd period - Icing by Tyler Johnson.
9:34 of 3rd period - Ryan Carpenter wins face-off versus T.J. Oshie in Capitals zone.
9:35 of 3rd period - Shot by David Pastrnak.
9:35 of 3rd period - Shot Misses the Net.
10:06 of 3rd period - Shot by Zach Parise.
10:06 of 3rd period - Stopped by Kaapo Kahkonen without a rebound.
10:07 of 3rd period - Vladislav Namestnikov wins face-off versus Connor Bedard in Utah zone.
10:14 of 3rd period - Shot by James van Riemsdyk.
10:14 of 3rd period - Stopped by Kaapo Kahkonen with a rebound.
11:38 of 3rd period - Dylan Cozens is hit by Tony DeAngelo and loses puck.
12:31 of 3rd period - Shot by Matthew Phillips.
12:31 of 3rd period - Deflect By Zach Parise.
12:31 of 3rd period - Shot Blocked by Albert Johansson.
12:33 of 3rd period - Shot by Joe Veleno.
12:33 of 3rd period - Shot Misses the Net.
12:36 of 3rd period - Zach Parise is hit by Jake Livingstone and loses puck.
13:04 of 3rd period - Jason Robertson is hit by Tony DeAngelo and loses puck.
13:08 of 3rd period - Icing by Henri Jokiharju.
13:09 of 3rd period - Tyler Johnson wins face-off versus Connor Bedard in Capitals zone.
13:20 of 3rd period - Shot by Tyler Johnson.
13:20 of 3rd period - Stopped by Kaapo Kahkonen with a rebound.
13:22 of 3rd period - Shot by Ethan Cardwell.
13:22 of 3rd period - Stopped by Kaapo Kahkonen without a rebound.
13:23 of 3rd period - Jack McBain wins face-off versus Adam Fantilli in Utah zone.
13:24 of 3rd period - Shot by Denis Gurianov.
13:24 of 3rd period - Shot Misses the Net.
13:29 of 3rd period - Minor Penalty to Jack McBain for Cross-checking.
13:30 of 3rd period - Tyler Johnson wins face-off versus Tim Stutzle in Capitals zone.
13:41 of 3rd period - Shot by Jamie Drysdale.
13:41 of 3rd period - Stopped by Matt Murray without a rebound.
13:42 of 3rd period - Tyler Johnson wins face-off versus Tim Stutzle in Capitals zone.
14:09 of 3rd period - Shot by Jamie Drysdale.
14:09 of 3rd period - Shot Misses the Net.
14:11 of 3rd period - Shot by Bobby Brink.
14:11 of 3rd period - Stopped by Matt Murray with a rebound.
14:17 of 3rd period - Shot by Jamie Drysdale.
14:17 of 3rd period - Shot Misses the Net.
14:38 of 3rd period - Off-side.
14:39 of 3rd period - Adam Fantilli wins face-off versus Vladislav Namestnikov in neutral zone.
14:44 of 3rd period - Shot by Adam Fantilli.
14:44 of 3rd period - Shot Misses the Net.
14:46 of 3rd period - Shot by Jesper Bratt.
14:46 of 3rd period - Stopped by Matt Murray without a rebound.
14:47 of 3rd period - Adam Fantilli wins face-off versus Vladislav Namestnikov in Capitals zone.
15:06 of 3rd period - Icing by Dylan Cozens.
15:07 of 3rd period - Tyler Johnson wins face-off versus Adam Fantilli in Utah zone.
15:32 of 3rd period - Shot by Tim Stutzle.
15:32 of 3rd period - Stopped by Matt Murray with a rebound.
15:48 of 3rd period - Shot by Vladislav Namestnikov.
15:48 of 3rd period - Shot Misses the Net.
16:02 of 3rd period - Shot by Vladislav Namestnikov.
16:02 of 3rd period - Shot Misses the Net.
16:04 of 3rd period - Shot by Vladislav Namestnikov.
16:04 of 3rd period - Stopped by Kaapo Kahkonen without a rebound.
16:05 of 3rd period - Jack McBain wins face-off versus Ryan Carpenter in Utah zone.
16:05 of 3rd period - Evander Kane is hit by Albert Johansson and loses puck.
16:08 of 3rd period - Shot by Jack McBain.
16:08 of 3rd period - Shot Misses the Net.
16:10 of 3rd period - Shot by Colin Miller.
16:10 of 3rd period - Shot Misses the Net.
17:26 of 3rd period - Icing by Zach Parise.
17:27 of 3rd period - Joe Veleno wins face-off versus Connor Bedard in Capitals zone.
17:36 of 3rd period - Shot by Zach Parise.
17:36 of 3rd period - Stopped by Kaapo Kahkonen with a rebound.
17:38 of 3rd period - Shot by Henri Jokiharju.
17:38 of 3rd period - Shot Misses the Net.
17:50 of 3rd period - Shot by Tim Stutzle.
17:50 of 3rd period - Stopped by Matt Murray without a rebound.
17:51 of 3rd period - Vladislav Namestnikov wins face-off versus Cole Perfetti in Capitals zone.
17:56 of 3rd period - T.J. Oshie is hit by Cole Perfetti and loses puck.
18:31 of 3rd period - Shot by Vladislav Namestnikov.
18:31 of 3rd period - Stopped by Kaapo Kahkonen without a rebound.
18:32 of 3rd period - Jack McBain wins face-off versus Connor Bedard in Utah zone.
18:35 of 3rd period - Shot by Evander Kane.
18:35 of 3rd period - Shot Misses the Net.
18:37 of 3rd period - Shot by Colin Miller.
18:37 of 3rd period - Stopped by Kaapo Kahkonen without a rebound.
18:38 of 3rd period - Connor Bedard wins face-off versus Jack McBain in Utah zone.
18:40 of 3rd period - Icing by Tim Stutzle.
18:41 of 3rd period - Connor Bedard wins face-off versus Jack McBain in Utah zone.
18:41 of 3rd period - Connor Bedard is hit by Evander Kane.
18:56 of 3rd period - David Pastrnak is hit by Henri Jokiharju and loses puck.
19:03 of 3rd period - Shot by David Pastrnak.
19:03 of 3rd period - Stopped by Matt Murray with a rebound.
19:13 of 3rd period - Shot by Connor Bedard.
19:13 of 3rd period - Goal by Connor Bedard - Capitals : 4 - Utah : 7.
19:14 of 3rd period - Vladislav Namestnikov wins face-off versus Dylan Cozens in neutral zone.
19:27 of 3rd period - Shot by Vladislav Namestnikov.
19:27 of 3rd period - Stopped by Kaapo Kahkonen without a rebound.
19:28 of 3rd period - Adam Fantilli wins face-off versus Joe Veleno in Utah zone.
Goals for this period are 0 for Capitals vs 1 for Utah.
Shots for this period are 11 for Capitals vs 15 for Utah.